 Dungeon Crawl Stone Soup version 0.20-a0-223-g066d66b (webtiles) character file.

162 Karnivor the Conjurer (level 5, -1/28 HPs)
             Began as a Gargoyle Conjurer on Nov 29, 2016.
             Slain by a gnoll
             ... wielding a +0 spear
              (4 damage)
             ... on level 2 of the Dungeon.
             The game lasted 00:14:37 (2454 turns).

Karnivor the Conjurer (Gargoyle Conjurer)           Turns: 2454, Time: 00:14:37

Health: -1/28      AC:  7    Str: 12    XL:     5   Next: 43%
Magic:  2/11       EV: 12    Int: 16    God:
Gold:   147        SH:  0    Dex: 10    Spells: 4/12 levels left

rFire  . . .     SeeInvis .     i - +1 whip
rCold  . . .     Gourm    .     a - +1 robe
rNeg   + . .     Faith    .     (no shield)
rPois  ∞         Spirit   .     (no helmet)
rElec  +         Reflect  .     (no cloak)
rCorr  .         Harm     .     (no gloves)
MR     .....                    (no boots)
Stlth  ++........               f - amulet of magic regeneration
                                (no ring)
                                (no ring)

@: no status effects
A: negative energy resistance 1, electricity resistance, unbreathing,
petrification resistance, rot immunity, AC +4
a: no special abilities


You were on level 2 of the Dungeon.
You were not hungry.

You visited 1 branch of the dungeon, and saw 2 of its levels.

You collected 147 gold pieces.

Inventory:

Hand Weapons
 i - a +1 whip (weapon)
Armour
 a - a +1 robe (worn)
Jewellery
 f - an amulet of magic regeneration (around neck)
Scrolls
 e - a scroll of amnesia
 g - a scroll of teleportation
 n - a scroll of enchant armour
 q - 2 scrolls of enchant weapon
 r - 4 scrolls of remove curse
Potions
 h - a potion of degeneration {unknown}
 j - 2 potions of lignification {unknown}
 k - a potion of agility {unknown}
 l - a potion of mutation {unknown}
 m - a potion of haste
 o - a potion of flight {unknown}
 p - a potion of resistance {unknown}
 u - 2 potions of might {unknown}
 v - a potion of curing {unknown}
Books
 b - a book of Conjurations

   Spells                             Type                      Level
   a - Magic Dart                     Conjuration                  1
   b - Searing Ray                    Conjuration                  2
   c - Dazzling Spray                 Conjuration/Hexes            3
   d - Fulminant Prism                Conjuration/Hexes            4
   e - Iskenderun's Mystic Blast      Conjuration                  4
   f - Iskenderun's Battlesphere      Conjuration/Charms           5
Comestibles
 c - 3 bread rations
 d - a chunk of flesh
 t - 2 fruits


   Skills:
 - Level 1.5 Dodging
 - Level 2.1 Stealth
 - Level 4.0 Spellcasting
 + Level 5.7 Conjurations
 + Level 0.0 Charms


You had 4 spell levels left.
You knew the following spells:

 Your Spells              Type           Power        Failure   Level  Hunger
a - Magic Dart            Conj           ###.         1%          1    None
b - Searing Ray           Conj           ###...       2%          2    ##.....
c - Iskenderun's Battles  Conj/Chrm      ##......     98%         5    ######.


Dungeon Overview and Level Annotations

Branches:
Dungeon (2/15)

Altars:
Nemelex Xobeh


Innate Abilities, Weirdness & Mutations

You are resistant to torment.
Your stone body is resilient. (AC +4)
You are immune to poison.
You resist negative energy. (rN+)
You are resistant to electric shocks. (rElec)
You can survive without breathing.
You are immune to petrification.
You are immune to rotting.


Message History

You barely miss the gnoll.
The gnoll is heavily wounded.
The gnoll barely misses you. The gnoll hits you with a spear.
Casting: Magic Dart
Confirm with . or Enter, or press ? or * to list all spells.
Aiming: Magic Dart
Press: ? - help, Shift-Dir - straight line, f/p - gnoll
Aim: a gnoll, wielding a spear and wearing a ring mail (heavily wounded, fast)
The magic dart hits the gnoll.
The gnoll is severely wounded.
The gnoll closely misses you. The gnoll hits you with a spear.
* * * LOW HITPOINT WARNING * * *
The gnoll hits you from afar with a spear.
* * * LOW HITPOINT WARNING * * *
The gnoll hits you but does no damage.
The gnoll hits you from afar with a spear.
* * * LOW HITPOINT WARNING * * *
The gnoll barely misses you.
The gnoll hits you from afar with a spear.
You die...

'#....##.#.#.####.##.########....
...##>.[.#...####.##.# ##########
#####<............##.# #...##....
# #......#########.# #...#._### #
#......# #.# #......... #
#......#########.###.........
#......#..........)(..(......
*##*######..................÷....
,...#######...g.@................
,................................
,................................
*.......................######.).
*.......................# #...
*.......................# #...
*.......................# #...
*...........##.#####'###* #...
*...........#*.#* *,* #...


You could see a gnoll.

Vanquished Creatures
  Jessica (D:2)
  3 adders (D:2)
  3 gnolls (D:2)
  An ooze (D:1)
  A worm (D:2)
  A dart slug (D:1)
  2 leopard geckos (D:1)
  3 giant cockroaches
  10 goblins
  6 hobgoblins
  3 jackals (D:1)
  2 quokkas (D:2)
  2 ball pythons (D:2)
  3 bats
  8 frilled lizards
  13 kobolds
  9 rats
71 creatures vanquished.

Notes
Turn   | Place    | Note
-------+----------+-------------------------------------------
     0 | D:1      | Karnivor the Gargoyle Conjurer began the quest for the Orb.
     0 | D:1      | Reached XP level 1. HP: 10/10 MP: 3/3
   227 | D:1      | Reached XP level 2. HP: 15/15 MP: 1/5
   234 | D:1      | Learned a level 2 spell: Searing Ray
   531 | D:1      | Reached XP level 3. HP: 11/19 MP: 1/7
  1268 | D:1      | Reached skill level 5 in Conjurations
  1459 | D:2      | Reached XP level 4. HP: 16/24 MP: 0/8
  1719 | D:2      | Found a sparkling altar of Nemelex Xobeh.
  1914 | D:2      | Noticed Jessica
  1917 | D:2      | Killed Jessica
  1974 | D:2      | Reached XP level 5. HP: 28/28 MP: 1/10
  2340 | D:2      | Learned a level 5 spell: Iskenderun's Battlesphere
  2454 | D:2      | Slain by a gnoll

Vault maps used:
D:1:      tarquinn_simple_flora_water_f, st_stairs_11
D:2:      overflow_temple_1_default, minmay_joined_circles, uniq_jessica

Skill      XL: |  1  2  3  4  5 |
---------------+----------------+-----
Spellcasting   | 3 4 |  4.0
Conjurations   | 5 |  5.7
Dodging        | |  1.5
Stealth        | |  2.1

Action                   |  1- 3 |  4- 6 || total
-------------------------+-------+-------++-------
Melee: Unarmed           |    21 |       ||    21
       Whip              |    38 |    34 ||    72
 Cast: Magic Dart        |    40 |    41 ||    81
       Searing Ray       |    17 |    22 ||    39
  Use: Scroll            |       |     9 ||     9
 Stab: Sleeping          |     1 |       ||     1
  Eat: Chunk             |     3 |     4 ||     7
Armor: Robe              |    20 |    18 ||    38
Dodge: Dodged            |    48 |    44 ||    92
